 Dungeon Crawl Stone Soup version 0.21-a0-641-geef9d7f (webtiles) character file.

64568 mopl the Martial Artist (level 15, -12/115 HPs)
             Began as a Gnoll Transmuter on Dec 30, 2017.
             Was the Champion of Wu Jian.
             Mangled by an orc warlord
             ... wielding a +2 great sword of venom
              (17 damage)
             ... on level 2 of the Orcish Mines.
             The game lasted 00:53:42 (23081 turns).

mopl the Martial Artist (Gnoll Transmuter)         Turns: 23081, Time: 00:53:43

Health: -12/115    AC:  8    Str: 12    XL:     15   Next: 13%
Magic:  27/29      EV: 23    Int: 21    God:    Wu Jian [******]
Gold:   1273       SH:  0    Dex: 26    Spells: 20/35 levels left

rFire    . . .     SeeInvis .     - Unarmed
rCold    . . .     Gourm    .   (shield currently unavailable)
rNeg     + . .     Faith    +   N - +1 robe {MR+}
rPois    .         Spirit   .   U - +1 hat {Int+3}
rElec    .         Reflect  .   (no cloak)
rCorr    .         Harm     .   (gloves currently unavailable)
MR       ++...                  E - +2 pair of boots
Stlth    +++++.....             V - amulet of faith {!P}
HPRegen  0.29/turn              z - ring of positive energy
MPRegen  0.21/turn              F - +6 ring of dexterity

@: lethally poisoned (-12 -> -25), blade hands, very slightly contaminated,
invisible
A: distributed training, fangs 1, strong nose
a: End Transformation, Wall jump, Serpent's Lash, Heavenly Storm, Renounce
Religion


You were on level 2 of the Orcish Mines.
You worshipped Wu Jian.
Wu Jian was exalted by your worship.
You were not hungry.
You had blades for hands.
You visited 4 branches of the dungeon, and saw 21 of its levels.

You collected 1975 gold pieces.
You spent 702 gold pieces at shops.

Inventory:

Hand Weapons
 M - a +0 fustibalus
 W - the +4 war axe of Distraction (melded) {chop, *Drain rF++ MR+ Int+3 Dex+4}
   (You found it on level 1 of the Lair of Beasts)

   It inflicts extra damage upon your enemies.
   It affects your intelligence (+3).
   It affects your dexterity (+4).
   It greatly protects you from fire.
   It affects your resistance to hostile enchantments.
   It causes draining when unequipped.
Missiles
 a - 280 arrows
 b - 6 curare-tipped needles
 f - 471 stones
 r - 19 tomahawks (quivered)
 s - 108 sling bullets
 u - 13 needles of sleeping
 w - 6 throwing nets
Armour
 m - a +0 troll leather armour
 E - a +2 pair of boots (worn)
 N - a +1 robe of magic resistance (worn)
 U - a +1 hat of intelligence (worn)
Jewellery
 y - an uncursed ring of see invisible
 z - a ring of positive energy (left scythe-like blade)
 F - a +6 ring of dexterity (right scythe-like blade)
 V - an amulet of faith (around neck) {!P}
Wands
 g - a wand of polymorph (28)
 G - a wand of disintegration (11)
 J - a wand of flame (43)
 K - a wand of iceblast (10)
 L - a wand of paralysis (9)
 O - a wand of enslavement (18)
 P - a wand of clouds (4)
Scrolls
 e - 4 scrolls of teleportation
 h - a scroll of fear
 k - 4 scrolls of blinking {unknown}
 n - 4 scrolls of magic mapping {unknown}
 p - 2 scrolls of amnesia
 q - a scroll of vulnerability
 t - 6 scrolls of remove curse
 v - 2 scrolls of fog
 B - 4 scrolls of enchant weapon {unknown}
 I - 2 scrolls of holy word
 R - 2 scrolls of immolation
Potions
 c - 3 potions of cancellation
 j - 7 potions of curing
 A - 2 potions of haste
 C - a potion of agility
 H - 4 potions of flight
 T - a potion of magic
 X - a potion of brilliance
Miscellaneous
 o - a phantom mirror
 S - a phial of floods
 Y - a sack of spiders
Comestibles
 d - 31 rations
 i - 9 chunks of flesh


   Skills:
 + Level 10.0 Fighting
 + Level 9.6 Short Blades
 + Level 9.6 Long Blades
 + Level 9.6 Axes
 + Level 9.6 Maces & Flails
 + Level 9.6 Polearms
 + Level 9.6 Staves
 + Level 9.6 Slings
 + Level 9.6 Bows
 + Level 9.6 Crossbows
 + Level 9.6 Throwing
 + Level 9.6 Armour
 + Level 10.6 Dodging
 + Level 9.6 Stealth
 + Level 9.6 Shields
 + Level 11.5 Unarmed Combat
 + Level 10.8 Spellcasting
 + Level 8.1 Conjurations
 + Level 8.1 Hexes
 + Level 8.1 Charms
 + Level 8.1 Summonings
 + Level 8.1 Necromancy
 + Level 8.1 Translocations
 + Level 9.0 Transmutations
 + Level 8.1 Fire Magic
 + Level 8.1 Ice Magic
 + Level 8.1 Air Magic
 + Level 8.1 Earth Magic
 + Level 8.1 Poison Magic
 + Level 10.4 Invocations
 + Level 9.6 Evocations


You had 20 spell levels left.
You knew the following spells:

 Your Spells              Type           Power        Failure   Level  Hunger
a - Beastly Appendage     Tmut           #####.       8%          1    None
b - Spider Form           Tmut/Pois      #####.....   12%         3    None
c - Blade Hands           Tmut           #####.....   30%         5    ####...
d - Ice Form              Ice/Tmut       #####...     19%         4    ##.....
w - Sticks to Snakes      Tmut           #####...     9%          2    None


Dungeon Overview and Level Annotations

Branches:
Dungeon (12/15)            Temple (1/1) D:4            Lair (6/6) D:11
 Shoals (0/4) Lair:2        Snake (0/4) Lair:4        Slime (0/5) Lair:5
    Orc (2/2) D:12
    Elf: Orc:2

Altars:
Ashenzari
Dithmenos
Elyvilon
Fedhas
Hepliaklqana
Kikubaaqudgha
Nemelex Xobeh
Okawaru
Qazlal
Ru
Trog
Uskayaw
Vehumet
Wu Jian
Xom
Yredelemnul
Zin
Beogh
Jiyva

Shops:
D:6 *   D:12 %(%*   Orc:1 =   Orc:2 [


Innate Abilities, Weirdness & Mutations

Your experience applies equally to all skills.
You have very sharp teeth.
Your uncanny sense of smell can sniff out nearby items.


Message History

You repeatedly attack the orc warrior from above.
You slash the orc warrior!
The orc warrior is heavily wounded.
You slash the orc warrior!
The orc warrior is almost dead.
You slice the orc warrior!!
You kill the orc warrior!
The Council accepts your kill.
You feel sick.
You repeatedly attack the orc warlord from above.
You slash the orc warlord!
The orc warlord is severely wounded.
You slash the orc warlord! You slash the orc warlord.
The orc warlord is almost dead.
You feel sick.
The orc warlord hits you with a great sword of venom!
* * * LOW HITPOINT WARNING * * *
You are lethally poisoned!
The orc warlord hits you with a great sword of venom!
You die...

..... #.....P....# ....o#
##.#......## ....#.## #
##......# .......#
##[..##.## .......##
#####.....###
........#####.##.....##.#
.........#).§.§#[........
##...[§§o§§[[.........
##.[..#§@§...[......#..
.#......#§§......#......
#.........................
#.........................
..#.............#.........
..............#...........
.........................
.........#...............
#....................


You could see an orc warlord.

Vanquished Creatures
  Gastronok (Lair:3)
  An orc warlord (Orc:1)
  A fire dragon (Lair:6)
  9 hydras
  Harold (Orc:1)
  4 two-headed ogres
  2 orc high priests (Orc:2)
  A lindwurm (Lair:6)
  A deep elf mage (D:12)
  4 orc sorcerers
  4 orc knights
  2 cyclopes
  An ugly thing (D:12)
  12 elephants
  A manticore (D:12)
  2 centaur zombies
  Joseph (D:8)
  3 molten gargoyles (Lair:6)
  8 black mambas
  7 spiny frogs
  A centaur skeleton (D:12)
  A rime drake (Lair:3)
  12 komodo dragons
  3 trolls
  4 polar bears
  3 hornets
  5 blink frogs (Lair:6)
  10 hippogriffs
  8 dream sheep
  A meliai zombie (D:11)
  10 slime creatures (D:12)
  45 yaks
  A shadow (D:12)
  2 wraiths
  4 wyverns
  4 basilisks
  2 steam dragons (Lair:6)
  2 hungry ghosts
  4 wargs (Orc:2)
  2 nagas (Lair:4)
  5 hell hounds (Lair:6)
  3 soldier ants
  12 water moccasins
  8 porcupines
  A black bear (D:7)
  20 orc warriors
  A phantom (D:7)
  2 necrophages
  A sky beast (D:5)
  2 eyes of draining
  3 ogres
  24 wolves
  11 centaurs
  14 crocodiles
  Blork the orc (D:4)
  7 bullfrogs
  3 scorpions
  9 killer bees
  4 wights (D:9)
  4 electric eels
  5 howler monkeys
  5 crimson imps
  6 lava snakes
  3 hounds
  3 jellies
  11 orc priests
  2 bullfrog skeletons
  14 orc wizards
  3 iguanas
  Natasha (thrice) (D:4)
  6 worker ants
  A killer bee zombie (D:5)
  A hound zombie (D:7)
  3 worker ant zombies
  3 gnolls (D:4)
  13 adders
  An ooze (D:3)
  5 worms
  2 dart slugs
  2 leopard geckos (D:2)
  52 orcs
  3 giant cockroaches
  7 goblins
  A hobgoblin (D:2)
  13 jackals
  2 quokkas
  A bat (D:3)
  3 frilled lizards
  3 kobolds
  2 quokka skeletons (D:7)
  5 rats
  A fungus (Lair:6)
  6 plants (Lair:1)
516 creatures vanquished.

Vanquished Creatures (others)
  3 bushes
  39 fungi
  19 plants
61 creatures vanquished.

Grand Total: 577 creatures vanquished

Notes
Turn   | Place    | Note
-------+----------+-------------------------------------------
     0 | D:1      | mopl the Gnoll Transmuter began the quest for the Orb.
     0 | D:1      | Reached XP level 1. HP: 17/17 MP: 6/6
   582 | D:2      | Reached XP level 2. HP: 18/23 MP: 7/7
   595 | D:2      | Learned a level 2 spell: Sticks to Snakes
   683 | D:2      | Reached XP level 3. HP: 13/28 MP: 7/9
   868 | D:2      | Learned a level 3 spell: Spider Form
   875 | D:2      | Reached skill level 5 in Spellcasting
  1084 | D:3      | Reached skill level 1 in Invocations
  1108 | D:3      | Reached skill level 1 in Short Blades
  1108 | D:3      | Reached skill level 1 in Long Blades
  1108 | D:3      | Reached skill level 1 in Axes
  1108 | D:3      | Reached skill level 1 in Maces & Flails
  1108 | D:3      | Reached skill level 1 in Polearms
  1108 | D:3      | Reached skill level 1 in Staves
  1108 | D:3      | Reached skill level 1 in Slings
  1108 | D:3      | Reached skill level 1 in Bows
  1108 | D:3      | Reached skill level 1 in Crossbows
  1108 | D:3      | Reached skill level 1 in Throwing
  1108 | D:3      | Reached skill level 1 in Armour
  1108 | D:3      | Reached skill level 1 in Stealth
  1108 | D:3      | Reached skill level 1 in Shields
  1108 | D:3      | Reached skill level 1 in Evocations
  1108 | D:3      | Reached XP level 4. HP: 30/34 MP: 7/11
  1128 | D:3      | Reached skill level 1 in Conjurations
  1128 | D:3      | Reached skill level 1 in Hexes
  1128 | D:3      | Reached skill level 1 in Charms
  1128 | D:3      | Reached skill level 1 in Summonings
  1128 | D:3      | Reached skill level 1 in Necromancy
  1128 | D:3      | Reached skill level 1 in Translocations
  1128 | D:3      | Reached skill level 1 in Fire Magic
  1128 | D:3      | Reached skill level 1 in Ice Magic
  1128 | D:3      | Reached skill level 1 in Air Magic
  1128 | D:3      | Reached skill level 1 in Earth Magic
  1128 | D:3      | Reached skill level 1 in Poison Magic
  1384 | D:3      | Reached XP level 5. HP: 40/40 MP: 8/12
  1485 | D:3      | Reached skill level 3 in Fighting
  1485 | D:3      | Reached skill level 4 in Transmutations
  1511 | D:3      | Learned a level 4 spell: Ice Form
  1833 | D:4      | Found a shattered altar of Ashenzari.
  1888 | D:4      | Noticed Natasha
  1917 | D:4      | Killed Natasha
  1917 | D:4      | Reached skill level 2 in Invocations
  1917 | D:4      | Reached XP level 6. HP: 18/47 MP: 10/13
  2078 | D:4      | Found a staircase to the Ecumenical Temple.
  2087 | Temple   | Entered the Ecumenical Temple
  2100 | Temple   | Became a worshipper of the Wu Jian Council
  2143 | D:4      | Noticed Natasha
  2152 | D:4      | Killed Natasha
  2152 | D:4      | Reached skill level 5 in Dodging
  2214 | D:4      | Learned a level 5 spell: Blade Hands
  2229 | D:4      | Noticed Natasha
  2242 | D:4      | Killed Natasha
  2242 | D:4      | Reached skill level 2 in Short Blades
  2242 | D:4      | Reached skill level 2 in Long Blades
  2242 | D:4      | Reached skill level 2 in Axes
  2242 | D:4      | Reached skill level 2 in Maces & Flails
  2242 | D:4      | Reached skill level 2 in Polearms
  2242 | D:4      | Reached skill level 2 in Staves
  2242 | D:4      | Reached skill level 2 in Slings
  2242 | D:4      | Reached skill level 2 in Bows
  2242 | D:4      | Reached skill level 2 in Crossbows
  2242 | D:4      | Reached skill level 2 in Throwing
  2242 | D:4      | Reached skill level 2 in Armour
  2242 | D:4      | Reached skill level 2 in Stealth
  2242 | D:4      | Reached skill level 2 in Shields
  2242 | D:4      | Reached skill level 2 in Evocations
  2272 | D:4      | Noticed Blork the orc
  2277 | D:4      | Killed Blork the orc
  2449 | D:4      | Reached XP level 7. HP: 52/52 MP: 11/15
  2611 | D:5      | Entered Level 5 of the Dungeon
  2626 | D:5      | Reached skill level 7 in Unarmed Combat
  2627 | D:5      | Found a shadowy altar of Dithmenos.
  2656 | D:5      | Reached skill level 2 in Conjurations
  2656 | D:5      | Reached skill level 2 in Hexes
  2656 | D:5      | Reached skill level 2 in Charms
  2656 | D:5      | Reached skill level 2 in Summonings
  2656 | D:5      | Reached skill level 2 in Necromancy
  2656 | D:5      | Reached skill level 2 in Translocations
  2656 | D:5      | Reached skill level 2 in Fire Magic
  2656 | D:5      | Reached skill level 2 in Ice Magic
  2656 | D:5      | Reached skill level 2 in Air Magic
  2656 | D:5      | Reached skill level 2 in Earth Magic
  2656 | D:5      | Reached skill level 2 in Poison Magic
  2871 | D:5      | Reached * piety under Wu Jian
  2932 | D:5      | Reached skill level 3 in Invocations
  2978 | D:5      | Found a bloodstained altar of Trog.
  2990 | D:5      | Reached XP level 8. HP: 58/60 MP: 3/16
  3012 | D:5      | Got a fine bardiche
  3013 | D:5      | Identified the cursed +1 bardiche "Trog's Indignation" {speed, Int+6} (You found it on level 5 of the Dungeon)
  3211 | D:6      | Reached skill level 4 in Fighting
  3307 | D:6      | Noticed an angel
  3308 | D:6      | Found a shimmering altar of Xom.
  3308 | D:6      | Found a glowing silver altar of Zin.
  3534 | D:6      | Reached skill level 3 in Short Blades
  3534 | D:6      | Reached skill level 3 in Long Blades
  3534 | D:6      | Reached skill level 3 in Axes
  3534 | D:6      | Reached skill level 3 in Maces & Flails
  3534 | D:6      | Reached skill level 3 in Polearms
  3534 | D:6      | Reached skill level 3 in Staves
  3534 | D:6      | Reached skill level 3 in Slings
  3534 | D:6      | Reached skill level 3 in Bows
  3534 | D:6      | Reached skill level 3 in Crossbows
  3534 | D:6      | Reached skill level 3 in Throwing
  3534 | D:6      | Reached skill level 3 in Armour
  3534 | D:6      | Reached skill level 3 in Stealth
  3534 | D:6      | Reached skill level 3 in Shields
  3534 | D:6      | Reached skill level 3 in Evocations
  3598 | D:6      | Found a hazy altar of Hepliaklqana.
  3723 | D:6      | Reached skill level 6 in Spellcasting
  3749 | D:6      | Found Wemaotud's Assorted Antiques.
  3754 | D:6      | Bought a scroll labeled GIOMURODAM for 33 gold pieces
  3754 | D:6      | Bought a bone wand for 132 gold pieces
  3754 | D:6      | Bought a viscous golden potion for 29 gold pieces
  3754 | D:6      | Bought a scroll labeled WEK QYOMEOT for 33 gold pieces
  3754 | D:6      | Bought a scroll labeled XOSYUCLUSA for 33 gold pieces
  4285 | D:7      | Reached ** piety under Wu Jian
  4354 | D:7      | Reached skill level 3 in Conjurations
  4354 | D:7      | Reached skill level 3 in Hexes
  4354 | D:7      | Reached skill level 3 in Charms
  4354 | D:7      | Reached skill level 3 in Summonings
  4354 | D:7      | Reached skill level 3 in Necromancy
  4354 | D:7      | Reached skill level 3 in Translocations
  4354 | D:7      | Reached skill level 3 in Fire Magic
  4354 | D:7      | Reached skill level 3 in Ice Magic
  4354 | D:7      | Reached skill level 3 in Air Magic
  4354 | D:7      | Reached skill level 3 in Earth Magic
  4354 | D:7      | Reached skill level 3 in Poison Magic
  4354 | D:7      | Reached skill level 4 in Invocations
  4355 | D:7      | Reached XP level 9. HP: 53/66 MP: 13/18
  4358 | D:7      | Reached skill level 6 in Dodging
  4358 | D:7      | Reached skill level 5 in Transmutations
  4502 | D:7      | Reached skill level 4 in Short Blades
  4502 | D:7      | Reached skill level 4 in Long Blades
  4502 | D:7      | Reached skill level 4 in Axes
  4502 | D:7      | Reached skill level 4 in Maces & Flails
  4502 | D:7      | Reached skill level 4 in Polearms
  4502 | D:7      | Reached skill level 4 in Staves
  4502 | D:7      | Reached skill level 4 in Slings
  4502 | D:7      | Reached skill level 4 in Bows
  4502 | D:7      | Reached skill level 4 in Crossbows
  4502 | D:7      | Reached skill level 4 in Throwing
  4502 | D:7      | Reached skill level 4 in Armour
  4502 | D:7      | Reached skill level 4 in Stealth
  4502 | D:7      | Reached skill level 4 in Shields
  4502 | D:7      | Reached skill level 4 in Evocations
  4535 | D:6      | Bought a scroll labeled VESHIF RAGUI for 33 gold pieces
  4911 | D:7      | Found a basalt altar of Yredelemnul.
  5027 | D:7      | Reached skill level 5 in Fighting
  5218 | D:8      | Found a stormy altar of Qazlal.
  5218 | D:8      | Found a sacrificial altar of Ru.
  5325 | D:8      | Found a white marble altar of Elyvilon.
  5325 | D:8      | Found an iron altar of Okawaru.
  5353 | D:8      | Noticed Joseph
  5378 | D:8      | Killed Joseph
  5378 | D:8      | Reached skill level 8 in Unarmed Combat
  5642 | D:9      | Reached skill level 5 in Invocations
  5644 | D:9      | Found a sparkling altar of Nemelex Xobeh.
  5676 | D:9      | Noticed a troll
  5681 | D:9      | Killed a troll
  5760 | D:9      | Reached XP level 10. HP: 65/73 MP: 20/20
  5769 | D:9      | Noticed a two-headed ogre
  5779 | D:9      | Killed a two-headed ogre
  5779 | D:9      | Reached skill level 5 in Short Blades
  5779 | D:9      | Reached skill level 5 in Long Blades
  5779 | D:9      | Reached skill level 5 in Axes
  5779 | D:9      | Reached skill level 5 in Maces & Flails
  5779 | D:9      | Reached skill level 5 in Polearms
  5779 | D:9      | Reached skill level 5 in Staves
  5779 | D:9      | Reached skill level 5 in Slings
  5779 | D:9      | Reached skill level 5 in Bows
  5779 | D:9      | Reached skill level 5 in Crossbows
  5779 | D:9      | Reached skill level 5 in Throwing
  5779 | D:9      | Reached skill level 5 in Armour
  5779 | D:9      | Reached skill level 5 in Stealth
  5779 | D:9      | Reached skill level 5 in Shields
  5779 | D:9      | Reached skill level 7 in Spellcasting
  5779 | D:9      | Reached skill level 4 in Conjurations
  5779 | D:9      | Reached skill level 4 in Hexes
  5779 | D:9      | Reached skill level 4 in Charms
  5779 | D:9      | Reached skill level 4 in Summonings
  5779 | D:9      | Reached skill level 4 in Necromancy
  5779 | D:9      | Reached skill level 4 in Translocations
  5779 | D:9      | Reached skill level 4 in Fire Magic
  5779 | D:9      | Reached skill level 4 in Ice Magic
  5779 | D:9      | Reached skill level 4 in Air Magic
  5779 | D:9      | Reached skill level 4 in Earth Magic
  5779 | D:9      | Reached skill level 4 in Poison Magic
  5779 | D:9      | Reached skill level 5 in Evocations
  5878 | D:9      | Paralysed by a hornet for 3 turns
  6980 | D:10     | Entered Level 10 of the Dungeon
  7051 | D:10     | Noticed a two-headed ogre
  7069 | D:10     | Killed a two-headed ogre
  7069 | D:10     | Reached skill level 6 in Fighting
  7069 | D:10     | Reached skill level 7 in Dodging
  7199 | D:10     | Reached skill level 6 in Transmutations
  7199 | D:10     | Reached skill level 6 in Invocations
  7204 | D:10     | Reached *** piety under Wu Jian
  7376 | D:10     | Paralysed by a hornet for 3 turns
  7781 | D:10     | Found a stormy altar of Qazlal.
  7913 | D:10     | Reached XP level 11. HP: 48/81 MP: 19/22
  8164 | D:11     | Noticed a two-headed ogre
  8172 | D:11     | Killed a two-headed ogre
  8176 | D:11     | Noticed a two-headed ogre
  8201 | D:10     | HP: 4/98 [poisoned by a killer bee]
  8207 | D:10     | HP: 3/98 [poisoned by a killer bee]
  8213 | D:10     | HP: 2/98 [poisoned by a killer bee]
  8221 | D:10     | HP: 1/82 [poisoned by a killer bee]
  8770 | D:11     | Found a staircase to the Lair.
  9139 | D:11     | Reached skill level 6 in Short Blades
  9139 | D:11     | Reached skill level 6 in Long Blades
  9139 | D:11     | Reached skill level 6 in Axes
  9139 | D:11     | Reached skill level 6 in Maces & Flails
  9139 | D:11     | Reached skill level 6 in Polearms
  9139 | D:11     | Reached skill level 6 in Staves
  9139 | D:11     | Reached skill level 6 in Slings
  9139 | D:11     | Reached skill level 6 in Bows
  9139 | D:11     | Reached skill level 6 in Crossbows
  9139 | D:11     | Reached skill level 6 in Throwing
  9139 | D:11     | Reached skill level 6 in Armour
  9139 | D:11     | Reached skill level 6 in Stealth
  9139 | D:11     | Reached skill level 6 in Shields
  9139 | D:11     | Reached skill level 9 in Unarmed Combat
  9139 | D:11     | Reached skill level 6 in Evocations
  9233 | D:11     | Noticed a cyclops
  9242 | D:11     | Killed a cyclops
  9242 | D:11     | Reached skill level 5 in Conjurations
  9242 | D:11     | Reached skill level 5 in Hexes
  9242 | D:11     | Reached skill level 5 in Charms
  9242 | D:11     | Reached skill level 5 in Summonings
  9242 | D:11     | Reached skill level 5 in Necromancy
  9242 | D:11     | Reached skill level 5 in Translocations
  9242 | D:11     | Reached skill level 5 in Fire Magic
  9242 | D:11     | Reached skill level 5 in Ice Magic
  9242 | D:11     | Reached skill level 5 in Air Magic
  9242 | D:11     | Reached skill level 5 in Earth Magic
  9242 | D:11     | Reached skill level 5 in Poison Magic
  9448 | D:11     | Reached skill level 8 in Spellcasting
  9479 | D:10     | Found a sacrificial altar of Ru.
  9604 | D:11     | Killed a two-headed ogre
  9755 | Lair:1   | Entered Level 1 of the Lair of Beasts
  9763 | Lair:1   | Reached skill level 7 in Invocations
  9878 | Lair:1   | Reached skill level 7 in Fighting
  9878 | Lair:1   | Reached skill level 8 in Dodging
  9988 | Lair:1   | Reached **** piety under Wu Jian
 10118 | Lair:1   | Noticed a five-headed hydra
 10130 | Lair:1   | Killed a five-headed hydra
 10834 | Lair:2   | Reached XP level 12. HP: 75/91 MP: 24/24
 10845 | Lair:2   | Noticed a five-headed hydra
 10855 | Lair:2   | Killed a five-headed hydra
 11075 | Lair:2   | Reached skill level 7 in Transmutations
 11109 | Lair:2   | Got a bloodstained scale mail
 11193 | Lair:1   | Got a dazzling war axe
 11194 | Lair:1   | Identified the +4 war axe of Distraction {chop, *Drain rF++ MR+ Int+3 Dex+4} (You found it on level 1 of the Lair of Beasts)
 11205 | Lair:1   | Identified the +6 scale mail of the Ant {rN+} (You found it on level 2 of the Lair of Beasts)
 11280 | Lair:2   | Reached skill level 7 in Short Blades
 11280 | Lair:2   | Reached skill level 7 in Long Blades
 11280 | Lair:2   | Reached skill level 7 in Axes
 11280 | Lair:2   | Reached skill level 7 in Maces & Flails
 11280 | Lair:2   | Reached skill level 7 in Polearms
 11280 | Lair:2   | Reached skill level 7 in Staves
 11280 | Lair:2   | Reached skill level 7 in Slings
 11280 | Lair:2   | Reached skill level 7 in Bows
 11280 | Lair:2   | Reached skill level 7 in Crossbows
 11280 | Lair:2   | Reached skill level 7 in Throwing
 11280 | Lair:2   | Reached skill level 7 in Armour
 11280 | Lair:2   | Reached skill level 7 in Stealth
 11280 | Lair:2   | Reached skill level 7 in Shields
 11280 | Lair:2   | Reached skill level 7 in Evocations
 11657 | Lair:2   | Found a staircase to the Shoals.
 12108 | Lair:3   | Noticed Gastronok
 12138 | Lair:3   | Killed Gastronok
 12138 | Lair:3   | Reached skill level 9 in Spellcasting
 12138 | Lair:3   | Reached skill level 6 in Conjurations
 12138 | Lair:3   | Reached skill level 6 in Hexes
 12138 | Lair:3   | Reached skill level 6 in Charms
 12138 | Lair:3   | Reached skill level 6 in Summonings
 12138 | Lair:3   | Reached skill level 6 in Necromancy
 12138 | Lair:3   | Reached skill level 6 in Translocations
 12138 | Lair:3   | Reached skill level 6 in Fire Magic
 12138 | Lair:3   | Reached skill level 6 in Ice Magic
 12138 | Lair:3   | Reached skill level 6 in Air Magic
 12138 | Lair:3   | Reached skill level 6 in Earth Magic
 12138 | Lair:3   | Reached skill level 6 in Poison Magic
 12138 | Lair:3   | Reached skill level 8 in Invocations
 12452 | Lair:3   | Reached skill level 8 in Fighting
 12452 | Lair:3   | Reached skill level 10 in Unarmed Combat
 12558 | Lair:3   | Reached skill level 9 in Dodging
 12868 | Lair:3   | Reached XP level 13. HP: 64/98 MP: 22/26
 12966 | Lair:3   | Found a sparkling altar of Nemelex Xobeh.
 13338 | Lair:4   | Reached ***** piety under Wu Jian
 13797 | Lair:4   | Reached skill level 8 in Short Blades
 13797 | Lair:4   | Reached skill level 8 in Long Blades
 13797 | Lair:4   | Reached skill level 8 in Axes
 13797 | Lair:4   | Reached skill level 8 in Maces & Flails
 13797 | Lair:4   | Reached skill level 8 in Polearms
 13797 | Lair:4   | Reached skill level 8 in Staves
 13797 | Lair:4   | Reached skill level 8 in Slings
 13797 | Lair:4   | Reached skill level 8 in Bows
 13797 | Lair:4   | Reached skill level 8 in Crossbows
 13797 | Lair:4   | Reached skill level 8 in Throwing
 13797 | Lair:4   | Reached skill level 8 in Armour
 13797 | Lair:4   | Reached skill level 8 in Stealth
 13797 | Lair:4   | Reached skill level 8 in Shields
 13797 | Lair:4   | Reached skill level 8 in Evocations
 13982 | Lair:4   | Found a staircase to the Snake Pit.
 14780 | Lair:5   | Reached skill level 9 in Invocations
 15397 | Lair:5   | Reached skill level 8 in Transmutations
 15432 | Lair:5   | Reached skill level 7 in Conjurations
 15432 | Lair:5   | Reached skill level 7 in Hexes
 15432 | Lair:5   | Reached skill level 7 in Charms
 15432 | Lair:5   | Reached skill level 7 in Summonings
 15432 | Lair:5   | Reached skill level 7 in Necromancy
 15432 | Lair:5   | Reached skill level 7 in Translocations
 15432 | Lair:5   | Reached skill level 7 in Fire Magic
 15432 | Lair:5   | Reached skill level 7 in Ice Magic
 15432 | Lair:5   | Reached skill level 7 in Air Magic
 15432 | Lair:5   | Reached skill level 7 in Earth Magic
 15432 | Lair:5   | Reached skill level 7 in Poison Magic
 15795 | Lair:5   | Found a viscous altar of Jiyva.
 15795 | Lair:5   | Found a staircase to the Slime Pits.
 15857 | Lair:6   | Entered Level 6 of the Lair of Beasts
 16243 | Lair:6   | Reached skill level 9 in Fighting
 16401 | Lair:6   | Reached skill level 10 in Spellcasting
 16437 | Lair:6   | Reached XP level 14. HP: 39/108 MP: 28/28
 16890 | Lair:6   | Reached skill level 10 in Dodging
 17105 | Lair:6   | Reached ****** piety under Wu Jian
 17515 | Lair:6   | Reached skill level 11 in Unarmed Combat
 17546 | Lair:6   | Reached skill level 9 in Short Blades
 17546 | Lair:6   | Reached skill level 9 in Long Blades
 17546 | Lair:6   | Reached skill level 9 in Axes
 17546 | Lair:6   | Reached skill level 9 in Maces & Flails
 17546 | Lair:6   | Reached skill level 9 in Polearms
 17546 | Lair:6   | Reached skill level 9 in Staves
 17546 | Lair:6   | Reached skill level 9 in Slings
 17546 | Lair:6   | Reached skill level 9 in Bows
 17546 | Lair:6   | Reached skill level 9 in Crossbows
 17546 | Lair:6   | Reached skill level 9 in Throwing
 17546 | Lair:6   | Reached skill level 9 in Armour
 17546 | Lair:6   | Reached skill level 9 in Stealth
 17546 | Lair:6   | Reached skill level 9 in Shields
 17546 | Lair:6   | Reached skill level 9 in Evocations
 17901 | Lair:6   | Found a large runed door.
 18376 | Lair:6   | Found a large runed door.
 18773 | D:6      | Bought a scroll of identify for 66 gold pieces
 18773 | D:6      | Bought a potion of curing for 99 gold pieces
 18892 | D:12     | Found Azutuxt's Food Emporium.
 18895 | D:12     | Found a staircase to the Orcish Mines.
 19259 | D:12     | Reached skill level 10 in Invocations
 19592 | D:12     | Found a roughly hewn altar of Beogh.
 19764 | D:12     | Found Ezuzafu's Food Shoppe.
 20294 | D:12     | Found Kuehioqu's Assorted Antiques.
 20546 | D:12     | Bought a twitching ruby amulet for 155 gold pieces
 20546 | D:12     | Bought a murky ruby potion for 27 gold pieces
 20546 | D:12     | Bought a scroll of identify for 62 gold pieces
 20554 | D:12     | Identified the amulet "Ocuywape" {RegenMP Stlth+} (You bought it in a shop on level 12 of the Dungeon)
 20624 | D:12     | Found Woingem's Weapon Emporium.
 20680 | D:12     | Paralysed by a hornet for 2 turns
 20796 | Orc:1    | Entered Level 1 of the Orcish Mines
 20796 | Orc:1    | Found Efus's Jewellery Shop.
 21105 | Orc:1    | Noticed Harold
 21126 | Orc:1    | Killed Harold
 21364 | Orc:2    | Entered Level 2 of the Orcish Mines
 21383 | Orc:2    | Noticed an orc warlord
 21654 | Orc:1    | Killed an orc warlord
 22299 | Orc:2    | Reached skill level 8 in Conjurations
 22299 | Orc:2    | Reached skill level 8 in Hexes
 22299 | Orc:2    | Reached skill level 8 in Charms
 22299 | Orc:2    | Reached skill level 8 in Summonings
 22299 | Orc:2    | Reached skill level 8 in Necromancy
 22299 | Orc:2    | Reached skill level 8 in Translocations
 22299 | Orc:2    | Reached skill level 8 in Fire Magic
 22299 | Orc:2    | Reached skill level 8 in Ice Magic
 22299 | Orc:2    | Reached skill level 8 in Air Magic
 22299 | Orc:2    | Reached skill level 8 in Earth Magic
 22299 | Orc:2    | Reached skill level 8 in Poison Magic
 22305 | Orc:2    | Reached XP level 15. HP: 41/115 MP: 29/29
 22519 | Orc:2    | Found Tuthicie's Antique Armour Emporium.
 22533 | Orc:2    | Reached skill level 9 in Transmutations
 22813 | Orc:2    | Reached skill level 10 in Fighting
 22849 | Orc:2    | Noticed an orc warlord
 23081 | Orc:2    | HP: 5/115 [orc warlord/great sword of venom (14)]
 23081 | Orc:2    | Mangled by an orc warlord

Vault maps used:
D:1:      scummos_arrival_star
D:2:      minmay_misc_feat_x
D:3:      minivault_23
D:4:      ashenzari_altar_1, minmay_temple_entry_statues_fountains,
          minmay_misc_feat_square, uniq_blork_the_orc, uniq_natasha
D:5:      grunt_dithmenos_smoke_and_mirrors, trog_eyes_of_draining, first_ration
D:6:      grunt_temple_overflow_order_and_chaos_1, marbit_many_paths,
          serial_shops, shop, minivault_25, kennysheep_generic_room_2
D:7:      kennysheep_little_box
D:8:      grunt_temple_overflow_open, uniq_joseph
D:9:      kennysheep_mini_moat
D:10:     lemuel_upstairs_altar, basic_altar
D:11:     lair_entry_dummy
D:12:     minmay_orc_entry_temple_small, serial_shops,
          nicolae_shop_behind_doors, nicolae_shop_crystal, shop, shop_coins,
          hangedman_pestilent_swarm
Temple:   compressed_dpeg_circular_temple
Lair:1:   cheibrodos_lair_reptile_den
Lair:2:   shoals_dummy_entry, guppyfry_lair_drakes, infiniplex_staircase_pool
Lair:3:   lemuel_centaur_altar, uniq_gastronok
Lair:4:   guppyfry_snake_entry_garden
Lair:5:   dpeg_slime_entry_enclosed_altar, grunt_megastairs_2,
          infiniplex_staircase_pool_2, lemuel_fruit_tree
Lair:6:   cheibrodos_lair_end_hotspot
Orc:1:    serial_shops, shop_fountains, uniq_harold
Orc:2:    grunt_orc_gardens, grunt_orc_garden, grunt_orc_garden,
          grunt_orc_garden, grunt_orc_garden

Skill      XL: |  1  2  3  4  5  6  7  8  9 10 11 12 13 14 15 |
---------------+----------------------------------------------+-----
Spellcasting   | 5 6 7 8 9 10 | 10.8
Invocations    | 1 2 3 4 5 6 7 8 9 10 | 10.4
Short Blades   | 1 2 3 4 5 6 7 8 9 |  9.6
Long Blades    | 1 2 3 4 5 6 7 8 9 |  9.6
Axes           | 1 2 3 4 5 6 7 8 9 |  9.6
Maces & Flails | 1 2 3 4 5 6 7 8 9 |  9.6
Polearms       | 1 2 3 4 5 6 7 8 9 |  9.6
Staves         | 1 2 3 4 5 6 7 8 9 |  9.6
Slings         | 1 2 3 4 5 6 7 8 9 |  9.6
Bows           | 1 2 3 4 5 6 7 8 9 |  9.6
Crossbows      | 1 2 3 4 5 6 7 8 9 |  9.6
Throwing       | 1 2 3 4 5 6 7 8 9 |  9.6
Armour         | 1 2 3 4 5 6 7 8 9 |  9.6
Stealth        | 1 2 3 4 5 6 7 8 9 |  9.6
Shields        | 1 2 3 4 5 6 7 8 9 |  9.6
Evocations     | 1 2 3 4 5 6 7 8 9 |  9.6
Conjurations   | 1 2 3 4 5 6 7 8 |  8.1
Hexes          | 1 2 3 4 5 6 7 8 |  8.1
Charms         | 1 2 3 4 5 6 7 8 |  8.1
Summonings     | 1 2 3 4 5 6 7 8 |  8.1
Necromancy     | 1 2 3 4 5 6 7 8 |  8.1
Translocations | 1 2 3 4 5 6 7 8 |  8.1
Fire Magic     | 1 2 3 4 5 6 7 8 |  8.1
Ice Magic      | 1 2 3 4 5 6 7 8 |  8.1
Air Magic      | 1 2 3 4 5 6 7 8 |  8.1
Earth Magic    | 1 2 3 4 5 6 7 8 |  8.1
Poison Magic   | 1 2 3 4 5 6 7 8 |  8.1
Fighting       | 3 4 5 6 7 8 9 10 | 10.0
Transmutations | 4 5 6 7 8 9 |  9.0
Dodging        | 5 6 7 8 9 10 | 10.6
Unarmed Combat | 7 8 9 10 11 | 11.5

Action                   |  1- 3 |  4- 6 |  7- 9 | 10-12 | 13-15 || total
-------------------------+-------+-------+-------+-------+-------++-------
Melee: Unarmed           |    42 |   115 |   361 |   470 |   580 ||  1568
       Headbutt          |     1 |       |       |       |       ||     1
       Punch             |     1 |       |     5 |    12 |    49 ||    67
       Bite              |       |     4 |    25 |    33 |   109 ||   171
       War axe           |       |       |       |    22 |   284 ||   306
 Fire: Fustibalus        |       |       |       |     4 |       ||     4
Throw: Stone             |       |       |       |     2 |       ||     2
       Tomahawk          |       |       |       |       |    29 ||    29
 Cast: Beastly Appendage |     7 |       |       |       |       ||     7
       Spider Form       |     4 |    10 |    11 |    12 |     5 ||    42
       Sticks to Snakes  |     1 |       |       |       |       ||     1
       Ice Form          |       |       |     4 |    23 |    23 ||    50
       Blade Hands       |       |       |       |     8 |    30 ||    38
Invok: Lunge             |       |     2 |    12 |    25 |    31 ||    70
       Whirlwind         |       |       |    42 |    17 |    28 ||    87
       Wall jump         |       |       |     1 |    14 |    21 ||    36
       Serpent's Lash    |       |       |       |       |     1 ||     1
 Abil: End Transformatio |     1 |       |     1 |     9 |    15 ||    26
Evoke: Wand              |       |       |       |       |    17 ||    17
  Use: Scroll            |       |     5 |     8 |     3 |    15 ||    31
       Potion            |       |       |       |     2 |     7 ||     9
 Stab: Sleeping          |     1 |     3 |     3 |    12 |     9 ||    28
       Distracted        |       |       |     1 |       |     3 ||     4
       Paralysed         |       |       |       |       |    14 ||    14
       Invisible         |       |       |       |       |     2 ||     2
  Eat: Chunk             |     1 |     5 |    13 |    20 |    39 ||    78
       Ration            |       |       |       |     2 |     1 ||     3
Armor: Robe              |     1 |       |    17 |    21 |    42 ||    81
       Skin              |       |     3 |    17 |    39 |    24 ||    83
Dodge: Dodged            |    34 |    62 |   262 |   375 |   673 ||  1406

Table legend:
 A = Spawn XP
 B = Non-spawn XP
 C = Spawn XP percentage of total XP
 D = Spawn monster count
 E = Non-spawn monster count
 F = Spawn count percentage of total count
 G = Total turns spent on level
                    A         B        C        D         E        F      G
               +---------+---------+-------+---------+---------+-------+---------
         Total |       0 |   92240 |   0.0 |       0 |     509 |   0.0 | 23081
               +---------+---------+-------+---------+---------+-------+---------
           D:1 |       0 |       4 |   0.0 |       0 |       4 |   0.0 |   562
           D:2 |       0 |      49 |   0.0 |       0 |      12 |   0.0 |   490
           D:3 |       0 |     219 |   0.0 |       0 |      33 |   0.0 |   770
           D:4 |       0 |     364 |   0.0 |       0 |      16 |   0.0 |   912
           D:5 |       0 |     709 |   0.0 |       0 |      29 |   0.0 |   438
           D:6 |       0 |     490 |   0.0 |       0 |      16 |   0.0 |  1204
           D:7 |       0 |    1611 |   0.0 |       0 |      27 |   0.0 |   820
           D:8 |       0 |     710 |   0.0 |       0 |       7 |   0.0 |   451
           D:9 |       0 |    2197 |   0.0 |       0 |      15 |   0.0 |  1525
          D:10 |       0 |    3307 |   0.0 |       0 |      19 |   0.0 |  1743
          D:11 |       0 |    4773 |   0.0 |       0 |      20 |   0.0 |  1313
          D:12 |       0 |    9846 |   0.0 |       0 |      53 |   0.0 |  1633
        Lair:1 |       0 |    3896 |   0.0 |       0 |      22 |   0.0 |  1219
        Lair:2 |       0 |    4424 |   0.0 |       0 |      17 |   0.0 |  1377
        Lair:3 |       0 |   10957 |   0.0 |       0 |      35 |   0.0 |  1301
        Lair:4 |       0 |    7483 |   0.0 |       0 |      27 |   0.0 |  1164
        Lair:5 |       0 |    7229 |   0.0 |       0 |      34 |   0.0 |  1147
        Lair:6 |       0 |   20109 |   0.0 |       0 |      64 |   0.0 |  2702
         Orc:1 |       0 |    5805 |   0.0 |       0 |      22 |   0.0 |  1944
         Orc:2 |       0 |    8058 |   0.0 |       0 |      37 |   0.0 |   341
               +---------+---------+-------+---------+---------+-------+---------
